Map: Port Aleksander LE

Players

Tesla (Rob)

  • Race: Protoss Protoss
  • League: Grandmaster
  • Spawn Location: 11:00

RuFF - Winner!

  • Race: Terran Terran
  • Spawn Location: 5:00

Event: Cheeseadelphia 8

VOD

Have the link to the VOD?

Description

Time

  • Played on: Dec. 8, 2018, 12:57 p.m.
  • Length: 8:14

All games in this series

Show
View Real Time Build Order
Export as new Build Order

Tesla Protoss 

Build Orders: 1 Gate Expand 

Get SALT Encoding   

  12  0:00  Probe  
  13  0:12  Probe  
  14  0:18  Pylon  
  14  0:24  Probe  
  15  0:32  Probe  
  15  0:38  Gateway  
  15  0:40  Probe  
  16  0:47  Assimilator  
  17  0:51  Probe  
  18  1:03  Probe  
  19  1:21  Nexus  
  19  1:26  Probe  
  20  1:35  Probe  
  20  1:36  Cybernetics Core  
  21  1:44  Probe  
  21  1:45  Assimilator  
  22  1:56  Probe, Pylon  
  23  2:04  Stalker  
  23  2:14  Probe, Warp Gate  
  26  2:24  Stalker  
  26  2:26  Probe  
  27  2:33  Probe  
  30  2:38  Probe  
  30  2:46  Probe  
  30  2:48  Robotics Facility  
  31  2:52  Probe  
  31  2:54  Stalker  
  30  2:58  Shield Battery  
  32  3:11  Shield Battery  
  32  3:14  Shield Battery  
  32  3:18  Stalker  
  32  3:19  Probe x2  
  36  3:31  Probe x2  
  38  3:35  Observer  
  39  3:45  Probe  
  39  3:46  Gateway  
  40  3:49  Gateway  
  40  3:50  Probe  
  40  3:51  Stalker  
  43  4:07  Probe x2  
  45  4:19  Probe  
  45  4:23  Pylon  
  46  4:41  Twilight Council, Probe  
  46  4:44  Stalker  
  46  4:45  Stalker x2  
  53  4:46  Probe  
  53  4:51  Pylon  
  53  5:00  Immortal, Probe  
  53  5:05  Gateway  
  54  5:08  Gateway  
  56  5:22  Pylon  
  56  5:24  Pylon x2  
  56  5:28  Stalker x2  
  60  5:39  Stalker  
  62  5:49  Pylon  
  62  5:50  Pylon  
  62  5:52  Stalker  
  62  5:57  Stalker  
  62  6:01  Warp Prism  
  62  6:03  Probe, Pylon  
  62  6:04  Probe  
  60  6:07  Stalker  
  52  6:26  Stalker x2  
  51  6:32  Stalker  
  51  6:33  Zealot x2  
  51  6:38  Immortal  
  44  6:52  Zealot x2  
  52  7:20  Stalker x3, Zealot  
  37  7:48  Stalker  
  37  7:49  Stalker  
  37  7:50  Zealot  
Show
View Real Time Build Order
Export as new Build Order

RuFF Terran - Winner!

Build Orders: 1/1/1, Liberator Opening 

Get SALT Encoding   

  12  0:01  SCV  
  13  0:13  SCV  
  14  0:18  Supply Depot  
  14  0:25  SCV  
  15  0:29  Refinery  
  15  0:39  SCV  
  16  0:47  Barracks  
  16  0:51  SCV  
  17  1:04  SCV  
  17  1:05  Refinery  
  18  1:18  SCV  
  19  1:34  Factory  
  19  1:36  Orbital Command  
  19  1:40  Barracks Reactor  
  19  1:52  Supply Depot  
  19  2:02  SCV  
  20  2:14  SCV  
  21  2:16  Marine x2  
  21  2:18  Widow Mine  
  25  2:26  Starport  
  25  2:34  Marine x2  
  25  2:36  SCV  
  28  2:45  Widow Mine  
  28  2:48  Supply Depot  
  28  2:49  SCV  
  31  3:02  Supply Depot  
  31  3:09  Medivac, Marine x2  
  35  3:13  Factory Tech Lab  
  35  3:18  SCV  
  36  3:27  Liberator, Marine x2  
  36  3:30  SCV  
  39  3:34  Siege Tank  
  42  3:46  Marine  
  42  3:47  Marine  
  47  3:54  Supply Depot  
  47  4:09  Liberator  
  45  4:13  Marine  
  45  4:14  Marine  
  45  4:15  Siege Tank  
  50  4:28  Supply Depot  
  53  4:31  Marine x2  
  55  4:48  Supply Depot  
  55  4:50  Marine x2, SCV  
  58  4:57  Siege Tank  
  61  5:10  Liberator, Marine x2  
  61  5:14  SCV  
  62  5:27  Marine  
  62  5:28  Marine  
  64  5:47  Siege Tank  
  66  5:55  Liberator  
  58  6:13  Marine x2  
  60  6:31  Marine x2  
  62  6:35  SCV  
  62  6:38  Liberator  
  63  6:48  Marine  
  63  7:34  Marine x2  
  56  7:51  Marine  
  56  7:52  Marine  
Tags
 
Add a new tag
Caveats
  • Supply blocks, unpowered buildings, or Contaminate may cause inaccurate times.
  • Supply counts are checked every 10 seconds.